Sabres vs Coyotes
(R1)
Created - January 12, 2018 at 19:00
Goals
|
| Sabres |
1 |
3 |
0 |
4 |
| Coyotes |
0 |
2 |
0 |
2 |
|
Shots
|
| Sabres |
4 |
22 |
5 |
31 |
| Coyotes |
12 |
10 |
14 |
36 |
|
1st period
1. Sabres , Andrei Loktionov 14 (Evander Kane 19, Zach Bogosian 25) at 11:44 (PP)
Penalties :
Matt Martin (Buf) for Cross-checking (Minor) at 1:09, Brad Richards (Ari) for Holding (Minor) at 5:22, Brad Richards (Ari) for Holding (Minor) at 11:07, Michael Del Zotto (Ari) for Tripping (Minor) at 18:11
2nd period
2. Sabres , Zach Bogosian 10 (Ilya Kovalchuk 18, Vincent Lecavalier 17) at 5:45 (PP)
3. Coyotes , Anton Stralman 3 (Tyler Ennis 20, Chris Stewart 7) at 9:23
4. Sabres , Rob Scuderi 5 (Zack Kassian 9, Ilya Kovalchuk 19) at 10:54 (PP)
5. Coyotes , Marian Gaborik 24 (Kristopher Letang 16, Zach Parise 28) at 11:04
6. Sabres , Evander Kane 16 (Rob Scuderi 13, Andrei Loktionov 19) at 15:55 (PP)
Penalties :
Vincent Lecavalier (Buf) for Cross-checking (Minor) at 3:08, Anton Stralman (Ari) for Slashing (Minor) at 5:41, Scottie Upshall (Buf) for Holding (Minor) at 6:43, Brad Richards (Ari) for Roughing (Minor) at 10:41, Michael Del Zotto (Ari) for Holding (Minor) at 15:23
3rd period
No Goal
Penalties :
Nazem Kadri (Ari) for Interference (Minor) at 0:21, Jakub Kindl (Buf) for Boarding (Minor) at 7:24, Marian Gaborik (Ari) for Slashing (Minor) at 8:09, Michael Del Zotto (Ari) for Elbowing (Minor) at 13:50
Goalie Stats
Robin Lehner (Buf), 34 saves from 36 shots - (0.944), W, 20-7-1, 60:00 minutes
Maxime Daigneault (Ari), 13 saves from 13 shots - (1.000), 24:05 minutes
Ryan Miller (Ari), 14 saves from 18 shots - (0.778), L, 15-15-1, 35:55 minutes
Players Stats for Sabres
Player Name G A P +/- PIM S H SB GA TA FO MP PP MP PK MP
------------------------------------------------------------------------------------
Andrei Loktionov 1 1 2 0 0 1 1 0 0 0 4/9 13:03 3:52 0:00
Brad Richardson 0 0 0 0 0 1 1 0 0 1 0/0 6:45 0:00 0:00
Brandon Sutter 0 0 0 0 0 0 0 1 0 0 3/7 11:24 0:45 3:54
Darcy Hordichuk 0 0 0 0 0 1 0 0 0 0 0/0 10:07 0:00 3:51
Evander Kane 1 1 2 0 0 2 0 0 1 0 0/1 14:58 4:37 0:35
Ilya Kovalchuk 0 2 2 -2 0 5 1 1 1 1 2/2 25:11 5:30 2:16
Jakub Kindl 0 0 0 0 2 0 1 2 0 0 0/0 9:15 0:45 0:00
Jared Cowen 0 0 0 -2 0 1 2 3 0 0 0/0 24:27 3:13 4:06
Jordan Leopold 0 0 0 0 0 0 1 1 0 1 0/0 8:13 0:00 0:00
Kyle Okposo 0 0 0 -1 0 2 1 2 1 0 0/2 19:43 3:52 0:00
Matt Martin 0 0 0 0 2 1 5 0 1 0 0/0 9:47 0:00 0:27
Michael Kostka 0 0 0 -2 0 2 2 2 0 0 0/0 24:27 3:13 4:06
Rob Scuderi 1 1 2 0 0 2 1 2 0 1 0/0 27:20 6:54 2:36
Ryan O'Reilly 0 0 0 -1 0 3 3 0 0 0 11/28 16:50 0:00 0:32
Scottie Upshall 0 0 0 -1 2 3 1 0 0 0 0/0 9:48 0:00 0:00
Vincent Lecavalier 0 1 1 -1 2 5 0 0 1 0 17/25 18:37 5:30 1:49
Zach Bogosian 1 1 2 0 0 2 2 3 0 0 0/0 27:20 6:54 2:36
Zack Kassian 0 1 1 0 0 0 2 0 0 1 1/1 14:45 5:30 0:00
Players Stats for Coyotes
Player Name G A P +/- PIM S H SB GA TA FO MP PP MP PK MP
------------------------------------------------------------------------------------
Anton Stralman 1 0 1 2 2 5 4 0 1 1 0/0 31:34 3:59 5:37
Brad Richards 0 0 0 1 6 3 1 1 1 0 17/33 20:24 3:20 2:00
Brooks Laich 0 0 0 0 0 0 0 0 0 0 1/1 8:25 0:00 1:46
Chris Neil 0 0 0 0 0 0 1 0 0 0 0/0 6:25 0:19 0:00
Chris Stewart 0 1 1 1 0 0 1 0 0 0 0/1 15:29 2:55 0:00
Enver Lisin 0 0 0 0 0 0 0 0 1 0 1/1 8:24 0:00 0:00
Eric Brewer 0 0 0 0 0 4 1 1 0 1 0/0 21:16 2:54 4:26
Greg Zanon 0 0 0 0 0 0 0 1 0 0 0/0 6:55 0:49 1:31
Kristopher Letang 0 1 1 2 0 3 3 0 1 1 0/0 30:29 3:48 5:41
Marian Gaborik 1 0 1 1 2 3 4 0 0 1 1/2 24:04 3:27 5:52
Mark Bell 0 0 0 0 0 1 0 1 0 0 0/0 11:17 0:27 1:17
Martin Samuelsson 0 0 0 0 0 1 1 0 0 0 0/0 6:30 0:00 0:18
Matt Niskanen 0 0 0 0 0 0 3 2 0 0 0/0 13:08 0:00 2:59
Maxim Talbot 0 0 0 0 0 3 1 1 0 0 1/4 10:03 0:27 0:12
Michael Del Zotto 0 0 0 0 6 1 1 1 0 0 0/0 15:48 1:54 0:00
Nazem Kadri 0 0 0 1 2 3 0 0 1 0 6/14 15:49 2:55 0:20
Tyler Ennis 0 1 1 1 0 3 1 0 0 0 0/0 18:02 2:55 2:28
Zach Parise 0 1 1 1 0 6 1 1 0 1 10/19 24:28 3:20 6:01
3 Stars
1 - Zach Bogosian (Buf)
2 - Rob Scuderi (Buf)
3 - Andrei Loktionov (Buf)
Power Play
Sabres - 4 on 9 Attempt(s) - 44.44%
Coyotes - 0 on 4 Attempt(s) - 0.00%
Penalty Kill
Sabres - 4 on 4 Attempt(s) - 100.00%
- Score 0 goal in Penalty Kill
Coyotes - 5 on 9 Attempt(s) - 55.56%
- Score 0 goal in Penalty Kill
Team Stat
Sabres - Hits : 24 - Faceoff Wins : 38 - Blocked Shots : 17 - Penalty Minutes : 8
Coyotes - Hits : 23 - Faceoff Wins : 37 - Blocked Shots : 9 - Penalty Minutes : 18
Official
Referees : Kowal Tom and McCauley Wes
Linesman : Derek Amell and Lonnie Cameron
Game Notes
Greg Zanon is injured at 19:37 of 1st period (Right Hip)
Maxime Daigneault enters game at 15:55 of 2nd period
Finance
Level 1 -- Attendance: 6000 (100.00%) -- Ticket Income $540,000
Level 2 -- Attendance: 5000 (100.00%) -- Ticket Income $265,000
Level 3 -- Attendance: 1959 (97.95%) -- Ticket Income $72,483
Level 4 -- Attendance: 4000 (100.00%) -- Ticket Income $104,000
Luxury Box -- Attendance: 1000 (100.00%) -- Ticket Income $163,000
Game was played at the The Pack Center.
Total Attendance: 17959 (99.77%)
Total Ticket Income: $1,144,483
Other Income: $171,672
Total Income: $1,316,155
Sabres
5 vs 5 Forward
Center Left Wing Right Wing Time % Phy DF OF
1 Ryan O'Reilly Ilya Kovalchuk Kyle Okposo 40 0 2 3
2 Andrei Loktionov Evander Kane Zack Kassian 26 0 2 3
3 Vincent Lecavalier Matt Martin Scottie Upshall 26 1 2 2
4 Brandon Sutter Darcy Hordichuk Brad Richardson 8 0 3 2
5 vs 5 Defense
Defense Defense Time % Phy DF OF
1 Zach Bogosian Rob Scuderi 42 0 2 3
2 Michael Kostka Jared Cowen 37 0 3 2
3 Jakub Kindl Jordan Leopold 21 0 4 1
4 Michael Kostka Jared Cowen 0 0 3 2
PowerPlay Forward
Center Left Wing Right Wing Time % Phy DF OF
1 Vincent Lecavalier Ilya Kovalchuk Zack Kassian 60 1 0 4
2 Andrei Loktionov Evander Kane Kyle Okposo 40 1 0 4
PowerPlay Defense
Defense Defense Time % Phy DF OF
1 Zach Bogosian Rob Scuderi 60 0 1 4
2 Michael Kostka Jared Cowen 40 0 1 4
Penalty Kill 4 Players Forward
Center Wing Time % Phy DF OF
1 Brandon Sutter Darcy Hordichuk 60 0 5 0
2 Vincent Lecavalier Ilya Kovalchuk 40 0 4 1
Penalty Kill 4 Players Defense
Defense Defense Time % Phy DF OF
1 Michael Kostka Jared Cowen 60 0 5 0
2 Zach Bogosian Rob Scuderi 40 0 4 1
Penalty Kill - 3 Players Forward
Forward Time % Phy DF OF
1 Brandon Sutter 60 0 5 0
2 Darcy Hordichuk 40 0 5 0
Penalty Kill - 3 Players Defense
Defense Defense Time % Phy DF OF
1 Michael Kostka Jared Cowen 60 0 5 0
2 Zach Bogosian Rob Scuderi 40 0 5 0
4 vs 4 Forward
Center Wing Time % Phy DF OF
1 Ryan O'Reilly Ilya Kovalchuk 60 1 2 2
2 Vincent Lecavalier Zack Kassian 40 1 2 2
4 vs 4 Defense
Defense Defense Time % Phy DF OF
1 Zach Bogosian Rob Scuderi 60 1 2 2
2 Michael Kostka Jared Cowen 40 1 2 2
Last Minutes Offensive
Center Left Wing Right Wing Defense Defense
Vincent Lecavalier Ilya Kovalchuk Kyle Okposo Zach Bogosian Michael Kostka
Last Minutes Defensive
Center Left Wing Right Wing Defense Defense
Brandon Sutter Ilya Kovalchuk Zack Kassian Zach Bogosian Jared Cowen
Goaltenders
Starting : Robin Lehner
Backup : Jonas Hiller
Extra Forwards
Normal : Ilya Kovalchuk, Kyle Okposo, Vincent Lecavalier - PP : Kyle Okposo, Vincent Lecavalier - PK : Matt Martin
Extra Defensemen
Normal : Jakub Kindl, Jordan Leopold, Michael Kostka - PP : Jakub Kindl - PK : Jordan Leopold, Michael Kostka
Penalty Shots
Ilya Kovalchuk, Vincent Lecavalier, Evander Kane, Darcy Hordichuk, Kyle Okposo
Scratches
Michael Haley (Healthy)
Coyotes
5 vs 5 Forward
Center Left Wing Right Wing Time % Phy DF OF
1 Brad Richards Zach Parise Marian Gaborik 40 1 2 2
2 Nazem Kadri Tyler Ennis Chris Stewart 30 1 2 2
3 Maxim Talbot Mark Bell Enver Lisin 20 1 2 2
4 Brooks Laich Martin Samuelsson Chris Neil 10 1 2 2
5 vs 5 Defense
Defense Defense Time % Phy DF OF
1 Kristopher Letang Anton Stralman 40 1 2 2
2 Eric Brewer Greg Zanon 30 1 2 2
3 Michael Del Zotto Matt Niskanen 20 1 2 2
4 Kristopher Letang Anton Stralman 10 1 2 2
PowerPlay Forward
Center Left Wing Right Wing Time % Phy DF OF
1 Brad Richards Zach Parise Marian Gaborik 60 1 2 2
2 Nazem Kadri Tyler Ennis Chris Stewart 40 1 2 2
PowerPlay Defense
Defense Defense Time % Phy DF OF
1 Kristopher Letang Anton Stralman 60 1 2 2
2 Eric Brewer Greg Zanon 40 1 2 2
Penalty Kill 4 Players Forward
Center Wing Time % Phy DF OF
1 Zach Parise Marian Gaborik 60 1 2 2
2 Tyler Ennis Brad Richards 40 1 2 2
Penalty Kill 4 Players Defense
Defense Defense Time % Phy DF OF
1 Kristopher Letang Anton Stralman 60 1 2 2
2 Eric Brewer Greg Zanon 40 1 2 2
Penalty Kill - 3 Players Forward
Forward Time % Phy DF OF
1 Zach Parise 60 1 2 2
2 Marian Gaborik 40 1 2 2
Penalty Kill - 3 Players Defense
Defense Defense Time % Phy DF OF
1 Kristopher Letang Anton Stralman 60 1 2 2
2 Eric Brewer Greg Zanon 40 1 2 2
4 vs 4 Forward
Center Wing Time % Phy DF OF
1 Zach Parise Marian Gaborik 60 1 2 2
2 Tyler Ennis Brad Richards 40 1 2 2
4 vs 4 Defense
Defense Defense Time % Phy DF OF
1 Kristopher Letang Anton Stralman 60 1 2 2
2 Eric Brewer Greg Zanon 40 1 2 2
Last Minutes Offensive
Center Left Wing Right Wing Defense Defense
Brad Richards Zach Parise Marian Gaborik Kristopher Letang Anton Stralman
Last Minutes Defensive
Center Left Wing Right Wing Defense Defense
Brad Richards Zach Parise Marian Gaborik Kristopher Letang Anton Stralman
Goaltenders
Starting : Ryan Miller
Backup : Maxime Daigneault
Extra Forwards
Normal : Maxim Talbot, Mark Bell, Brooks Laich - PP : Maxim Talbot, Mark Bell - PK : Brooks Laich
Extra Defensemen
Normal : Michael Del Zotto, Matt Niskanen, Eric Brewer - PP : Michael Del Zotto - PK : Matt Niskanen, Eric Brewer
Penalty Shots
Zach Parise, Marian Gaborik, Tyler Ennis, Brad Richards, Nazem Kadri
Scratches
Josh Gorges (Sprained Right Knee Injury)
% Time on Ice - Sabres
Lines # - Real PCT - Wanted PCT - Time Play
Normal Forward
1 - 39% - 40% - 16:28
2 - 25% - 26% - 10:27
3 - 22% - 26% - 9:08
4 - 14% - 8% - 5:54
Normal Defense
1 - 43% - 42% - 17:52
2 - 38% - 37% - 15:52
3 - 20% - 21% - 8:13
4 - 0% - 0% - 0:00
PP Forward
1 - 62% - 60% - 6:15
2 - 38% - 40% - 3:52
PP Defense
1 - 68% - 60% - 6:54
2 - 32% - 40% - 3:13
PK Forward
1 - 66% - 60% - 4:26
2 - 34% - 40% - 2:16
PK Defense
1 - 61% - 60% - 4:06
2 - 39% - 40% - 2:36
PK3 Forward
1 - 0% - 60%
2 - 0% - 40%
PK3 Defense
1 - 0% - 60%
2 - 0% - 40%
44 Forward
1 - 100% - 60% - 1:14
2 - 0% - 40% - 0:00
44 Defense
1 - 74% - 60% - 0:55
2 - 26% - 40% - 0:19
Last Minute Offensive - 0:00
Last Minute Defensive - 0:00
Total
Forward - 60:00
Defense - 60:00
|
% Time on Ice - Coyotes
Lines # - Real PCT - Wanted PCT - Time Play
Normal Forward
1 - 36% - 40% - 15:00
2 - 30% - 30% - 12:39
3 - 20% - 20% - 8:24
4 - 14% - 10% - 5:54
Normal Defense
1 - 45% - 40% - 19:03
2 - 33% - 30% - 13:50
3 - 19% - 20% - 7:50
4 - 3% - 10% - 1:14
PP Forward
1 - 52% - 60% - 3:28
2 - 48% - 40% - 3:14
PP Defense
1 - 57% - 60% - 3:48
2 - 43% - 40% - 2:54
PK Forward
1 - 76% - 60% - 7:39
2 - 24% - 40% - 2:28
PK Defense
1 - 56% - 60% - 5:41
2 - 44% - 40% - 4:26
PK3 Forward
1 - 0% - 60%
2 - 0% - 40%
PK3 Defense
1 - 0% - 60%
2 - 0% - 40%
44 Forward
1 - 100% - 60% - 1:14
2 - 0% - 40% - 0:00
44 Defense
1 - 58% - 60% - 0:43
2 - 42% - 40% - 0:31
Last Minute Offensive - 0:00
Last Minute Defensive - 0:00
Total
Forward - 60:00
Defense - 60:00
|
Play by Play
1st period
0:01 of 1st period - Brad Richards wins face-off versus Ryan O'Reilly in neutral zone.
0:14 of 1st period - Wrist shot by Marian Gaborik.
0:14 of 1st period - Deflect By Brad Richards.
0:14 of 1st period - Shot Blocked by Rob Scuderi.
0:14 of 1st period - Puck is out of play.
0:15 of 1st period - Andrei Loktionov wins face-off versus Nazem Kadri in Sabres zone.
0:24 of 1st period - Wrist shot by Andrei Loktionov.
0:24 of 1st period - Shot Blocked by Greg Zanon.
0:26 of 1st period - Slapshot by Michael Kostka.
0:26 of 1st period - Shot Blocked by Eric Brewer.
1:07 of 1st period - Snap shot by Tyler Ennis.
1:07 of 1st period - Shot Misses the Net.
1:09 of 1st period - Minor Penalty to Matt Martin for Cross-checking.
1:10 of 1st period - Brad Richards wins face-off versus Brandon Sutter in Sabres zone.
2:48 of 1st period - Michael Kostka is hit by Maxim Talbot and loses puck.
3:09 of 1st period - Penalty to Matt Martin is over, Matt Martin is back on ice.
3:35 of 1st period - Snap shot by Maxim Talbot.
3:35 of 1st period - Stopped by Robin Lehner with a rebound.
3:37 of 1st period - Wrist shot by Mark Bell.
3:37 of 1st period - Stopped by Robin Lehner with a rebound.
3:39 of 1st period - Snap shot by Kristopher Letang.
3:39 of 1st period - Deflect By Maxim Talbot.
3:39 of 1st period - Shot Misses the Net.
3:39 of 1st period - Puck is out of play.
3:40 of 1st period - Vincent Lecavalier wins face-off versus Maxim Talbot in Sabres zone.
4:05 of 1st period - Nazem Kadri is hit by Zack Kassian and loses puck.
4:22 of 1st period - Nazem Kadri is hit by Jakub Kindl and loses puck.
4:29 of 1st period - Ilya Kovalchuk is hit by Chris Stewart and loses puck.
4:38 of 1st period - Snap shot by Tyler Ennis.
4:38 of 1st period - Shot Misses the Net.
4:48 of 1st period - Wrist shot by Tyler Ennis.
4:48 of 1st period - Shot Blocked by Jakub Kindl.
4:50 of 1st period - Snap shot by Nazem Kadri.
4:50 of 1st period - Shot Misses the Net.
4:52 of 1st period - Wrist shot by Chris Stewart.
4:52 of 1st period - Shot Misses the Net.
4:54 of 1st period - Slapshot by Tyler Ennis.
4:54 of 1st period - Shot Blocked by Jordan Leopold.
4:58 of 1st period - Snap shot by Tyler Ennis.
4:58 of 1st period - Shot Blocked by Jakub Kindl.
5:00 of 1st period - Wrist shot by Tyler Ennis.
5:00 of 1st period - Stopped by Robin Lehner without a rebound.
5:01 of 1st period - Vincent Lecavalier wins face-off versus Brad Richards in Sabres zone.
5:01 of 1st period - Vincent Lecavalier is hit by Marian Gaborik.
5:16 of 1st period - Snap shot by Scottie Upshall.
5:16 of 1st period - Shot Misses the Net.
5:22 of 1st period - Minor Penalty to Brad Richards for Holding.
5:23 of 1st period - Vincent Lecavalier wins face-off versus Zach Parise in Coyotes zone.
6:41 of 1st period - Anton Stralman is hit by Michael Kostka and loses puck.
7:22 of 1st period - Penalty to Brad Richards is over, Brad Richards is back on ice.
7:51 of 1st period - Wrist shot by Vincent Lecavalier.
7:51 of 1st period - Stopped by Ryan Miller with a rebound.
8:23 of 1st period - Icing by Zach Parise.
8:24 of 1st period - Brad Richards wins face-off versus Brandon Sutter in Coyotes zone.
8:33 of 1st period - Snap shot by Brad Richards.
8:33 of 1st period - Stopped by Robin Lehner with a rebound.
8:45 of 1st period - Slapshot by Kristopher Letang.
8:45 of 1st period - Stopped by Robin Lehner without a rebound.
8:46 of 1st period - Brooks Laich wins face-off versus Andrei Loktionov in Sabres zone.
9:47 of 1st period - Michael Del Zotto is hit by Matt Martin and loses puck.
9:58 of 1st period - Vincent Lecavalier is hit by Matt Niskanen and loses puck.
10:03 of 1st period - Snap shot by Maxim Talbot.
10:03 of 1st period - Stopped by Robin Lehner with a rebound.
10:05 of 1st period - Slapshot by Kristopher Letang.
10:05 of 1st period - Stopped by Robin Lehner without a rebound.
10:06 of 1st period - Brad Richards wins face-off versus Ryan O'Reilly in Sabres zone.
10:09 of 1st period - Wrist shot by Marian Gaborik.
10:09 of 1st period - Shot Misses the Net.
10:11 of 1st period - Snap shot by Zach Parise.
10:11 of 1st period - Shot Misses the Net.
10:13 of 1st period - Wrist shot by Marian Gaborik.
10:13 of 1st period - Shot Misses the Net.
10:15 of 1st period - Slapshot by Anton Stralman.
10:15 of 1st period - Shot Misses the Net.
10:17 of 1st period - Snap shot by Anton Stralman.
10:17 of 1st period - Shot Misses the Net.
10:19 of 1st period - Snap shot by Zach Parise.
10:19 of 1st period - Stopped by Robin Lehner with a rebound.
10:21 of 1st period - Slapshot by Kristopher Letang.
10:21 of 1st period - Shot Misses the Net.
10:23 of 1st period - Wrist shot by Zach Parise.
10:23 of 1st period - Shot Blocked by Michael Kostka.
10:49 of 1st period - Kristopher Letang is hit by Michael Kostka and loses puck.
10:56 of 1st period - Wrist shot by Anton Stralman.
10:56 of 1st period - Stopped by Robin Lehner with a rebound.
10:58 of 1st period - Slapshot by Anton Stralman.
10:58 of 1st period - Stopped by Robin Lehner without a rebound.
10:59 of 1st period - Ryan O'Reilly wins face-off versus Brad Richards in Sabres zone.
11:07 of 1st period - Minor Penalty to Brad Richards for Holding.
11:08 of 1st period - Zach Parise wins face-off versus Vincent Lecavalier in Coyotes zone.
11:44 of 1st period - Wrist shot by Andrei Loktionov.
11:44 of 1st period - Goal by Andrei Loktionov - Sabres : 1 - Coyotes : 0.
11:45 of 1st period - Brad Richards wins face-off versus Kyle Okposo in neutral zone.
11:47 of 1st period - Kristopher Letang is hit by Kyle Okposo and loses puck.
11:52 of 1st period - Wrist shot by Brad Richards.
11:52 of 1st period - Deflect By Zach Parise.
11:52 of 1st period - Shot Blocked by Zach Bogosian.
11:52 of 1st period - Puck is out of play.
11:53 of 1st period - Ryan O'Reilly wins face-off versus Brad Richards in Sabres zone.
11:53 of 1st period - Ryan O'Reilly is hit by Marian Gaborik.
12:11 of 1st period - Wrist shot by Brad Richards.
12:11 of 1st period - Stopped by Robin Lehner without a rebound.
12:12 of 1st period - Maxim Talbot wins face-off versus Vincent Lecavalier in Sabres zone.
12:13 of 1st period - Wrist shot by Enver Lisin.
12:13 of 1st period - Shot Misses the Net.
13:06 of 1st period - Wrist shot by Tyler Ennis.
13:06 of 1st period - Shot Misses the Net.
13:24 of 1st period - Slapshot by Kristopher Letang.
13:24 of 1st period - Shot Misses the Net.
13:26 of 1st period - Backhand shot by Kristopher Letang.
13:26 of 1st period - Stopped by Robin Lehner with a rebound.
13:28 of 1st period - Snap shot by Brooks Laich.
13:28 of 1st period - Shot Hit the Post.
15:25 of 1st period - Zach Parise is hit by Matt Martin and loses puck.
16:08 of 1st period - Brooks Laich is hit by Jordan Leopold and loses puck.
16:45 of 1st period - Greg Zanon is hit by Scottie Upshall and loses puck.
16:52 of 1st period - Vincent Lecavalier is hit by Brad Richards and loses puck.
17:18 of 1st period - Jared Cowen is hit by Matt Niskanen and loses puck.
17:29 of 1st period - Jared Cowen is hit by Anton Stralman and loses puck.
17:36 of 1st period - Ryan O'Reilly is hit by Kristopher Letang and loses puck.
17:49 of 1st period - Wrist shot by Scottie Upshall.
17:49 of 1st period - Stopped by Ryan Miller without a rebound.
17:50 of 1st period - Enver Lisin wins face-off versus Vincent Lecavalier in Coyotes zone.
18:11 of 1st period - Minor Penalty to Michael Del Zotto for Tripping.
18:12 of 1st period - Vincent Lecavalier wins face-off versus Zach Parise in Coyotes zone.
19:36 of 1st period - Greg Zanon is hit by Rob Scuderi and loses puck.
19:37 of 1st period - Greg Zanon from Coyotes is injured at 19:37 of 1st period (Right Hip).
19:38 of 1st period - Zach Parise wins face-off versus Vincent Lecavalier in Coyotes zone.
19:53 of 1st period - Backhand shot by Vincent Lecavalier.
19:53 of 1st period - Stopped by Ryan Miller with a rebound.
Goals for this period are 1 for Sabres vs 0 for Coyotes.
Shots for this period are 4 for Sabres vs 12 for Coyotes.
2nd period
0:01 of 2nd period - Zach Parise wins face-off versus Vincent Lecavalier in neutral zone.
0:11 of 2nd period - Penalty to Michael Del Zotto is over, Michael Del Zotto is back on ice.
0:38 of 2nd period - Wrist shot by Maxim Talbot.
0:38 of 2nd period - Stopped by Robin Lehner without a rebound.
0:39 of 2nd period - Zach Parise wins face-off versus Ryan O'Reilly in Sabres zone.
0:40 of 2nd period - Snap shot by Marian Gaborik.
0:40 of 2nd period - Shot Misses the Net.
0:42 of 2nd period - Slapshot by Eric Brewer.
0:42 of 2nd period - Shot Misses the Net.
0:44 of 2nd period - Wrist shot by Marian Gaborik.
0:44 of 2nd period - Shot Misses the Net.
0:46 of 2nd period - Slapshot by Eric Brewer.
0:46 of 2nd period - Shot Blocked by Michael Kostka.
0:48 of 2nd period - Snap shot by Zach Parise.
0:48 of 2nd period - Stopped by Robin Lehner without a rebound.
0:49 of 2nd period - Ryan O'Reilly wins face-off versus Brad Richards in Sabres zone.
0:49 of 2nd period - Ryan O'Reilly is hit by Zach Parise.
0:55 of 2nd period - Slapshot by Ilya Kovalchuk.
0:55 of 2nd period - Stopped by Ryan Miller without a rebound.
0:56 of 2nd period - Brad Richards wins face-off versus Ryan O'Reilly in Coyotes zone.
1:03 of 2nd period - Snap shot by Marian Gaborik.
1:03 of 2nd period - Stopped by Robin Lehner without a rebound.
1:04 of 2nd period - Ilya Kovalchuk wins face-off versus Brad Richards in Sabres zone.
1:09 of 2nd period - Slapshot by Zach Bogosian.
1:09 of 2nd period - Stopped by Ryan Miller with a rebound.
1:28 of 2nd period - Slapshot by Brad Richards.
1:28 of 2nd period - Shot Misses the Net.
2:08 of 2nd period - Snap shot by Zach Parise.
2:08 of 2nd period - Shot Blocked by Zach Bogosian.
2:10 of 2nd period - Wrist shot by Zach Parise.
2:10 of 2nd period - Shot Blocked by Kyle Okposo.
2:12 of 2nd period - Slapshot by Marian Gaborik.
2:12 of 2nd period - Shot Misses the Net.
2:14 of 2nd period - Wrist shot by Brad Richards.
2:14 of 2nd period - Stopped by Robin Lehner without a rebound.
2:15 of 2nd period - Nazem Kadri wins face-off versus Ryan O'Reilly in Sabres zone.
2:32 of 2nd period - Snap shot by Chris Stewart.
2:32 of 2nd period - Shot Blocked by Jared Cowen.
3:08 of 2nd period - Minor Penalty to Vincent Lecavalier for Cross-checking.
3:09 of 2nd period - Brandon Sutter wins face-off versus Nazem Kadri in Sabres zone.
4:32 of 2nd period - Snap shot by Evander Kane.
4:32 of 2nd period - Stopped by Ryan Miller with a rebound.
5:06 of 2nd period - Slapshot by Jared Cowen.
5:06 of 2nd period - Stopped by Ryan Miller with a rebound.
5:08 of 2nd period - Penalty to Vincent Lecavalier is over, Vincent Lecavalier is back on ice.
5:41 of 2nd period - Minor Penalty to Anton Stralman for Slashing.
5:42 of 2nd period - Vincent Lecavalier wins face-off versus Zach Parise in Coyotes zone.
5:45 of 2nd period - Slapshot by Zach Bogosian.
5:45 of 2nd period - Goal by Zach Bogosian - Sabres : 2 - Coyotes : 0.
5:46 of 2nd period - Ryan O'Reilly wins face-off versus Brad Richards in neutral zone.
6:03 of 2nd period - Zach Parise is hit by Zach Bogosian and loses puck.
6:18 of 2nd period - Snap shot by Scottie Upshall.
6:18 of 2nd period - Deflect By Matt Martin.
6:18 of 2nd period - Shot Misses the Net.
6:18 of 2nd period - Puck is out of play.
6:19 of 2nd period - Vincent Lecavalier wins face-off versus Nazem Kadri in Coyotes zone.
6:43 of 2nd period - Minor Penalty to Scottie Upshall for Holding.
6:44 of 2nd period - Brad Richards wins face-off versus Brandon Sutter in Sabres zone.
6:54 of 2nd period - Wrist shot by Zach Parise.
6:54 of 2nd period - Shot Blocked by Brandon Sutter.
7:48 of 2nd period - Icing by Michael Del Zotto.
7:49 of 2nd period - Brandon Sutter wins face-off versus Nazem Kadri in Coyotes zone.
8:27 of 2nd period - Icing by Kristopher Letang.
8:28 of 2nd period - Nazem Kadri wins face-off versus Vincent Lecavalier in Coyotes zone.
8:43 of 2nd period - Penalty to Scottie Upshall is over, Scottie Upshall is back on ice.
9:05 of 2nd period - Snap shot by Nazem Kadri.
9:05 of 2nd period - Stopped by Robin Lehner with a rebound.
9:09 of 2nd period - Snap shot by Nazem Kadri.
9:09 of 2nd period - Stopped by Robin Lehner with a rebound.
9:11 of 2nd period - Snap shot by Nazem Kadri.
9:11 of 2nd period - Shot Misses the Net.
9:21 of 2nd period - Wrist shot by Tyler Ennis.
9:21 of 2nd period - Stopped by Robin Lehner with a rebound.
9:23 of 2nd period - Slapshot by Anton Stralman.
9:23 of 2nd period - Goal by Anton Stralman - Sabres : 2 - Coyotes : 1.
9:24 of 2nd period - Brad Richards wins face-off versus Andrei Loktionov in neutral zone.
9:24 of 2nd period - Zach Parise is hit by Andrei Loktionov and loses puck.
9:39 of 2nd period - Snap shot by Zach Parise.
9:39 of 2nd period - Deflect By Brad Richards.
9:39 of 2nd period - Shot Misses the Net.
9:39 of 2nd period - Puck is out of play.
9:40 of 2nd period - Brad Richards wins face-off versus Ryan O'Reilly in Sabres zone.
9:50 of 2nd period - Off-side.
9:51 of 2nd period - Brad Richards wins face-off versus Kyle Okposo in neutral zone.
10:01 of 2nd period - Brad Richards is hit by Ryan O'Reilly and loses puck.
10:08 of 2nd period - Kyle Okposo is hit by Marian Gaborik and loses puck.
10:19 of 2nd period - Snap shot by Matt Martin.
10:19 of 2nd period - Stopped by Ryan Miller without a rebound.
10:20 of 2nd period - Vincent Lecavalier wins face-off versus Nazem Kadri in Coyotes zone.
10:23 of 2nd period - Snap shot by Scottie Upshall.
10:23 of 2nd period - Stopped by Ryan Miller with a rebound.
10:25 of 2nd period - Wrist shot by Scottie Upshall.
10:25 of 2nd period - Stopped by Ryan Miller without a rebound.
10:26 of 2nd period - Brad Richards wins face-off versus Ryan O'Reilly in Coyotes zone.
10:26 of 2nd period - Brad Richards is hit by Zach Bogosian.
10:41 of 2nd period - Minor Penalty to Brad Richards for Roughing.
10:42 of 2nd period - Vincent Lecavalier wins face-off versus Zach Parise in Coyotes zone.
10:42 of 2nd period - Snap shot by Ilya Kovalchuk.
10:42 of 2nd period - Deflect By Vincent Lecavalier.
10:42 of 2nd period - Stopped by Ryan Miller without a rebound.
10:43 of 2nd period - Zach Parise wins face-off versus Vincent Lecavalier in Coyotes zone.
10:52 of 2nd period - Slapshot by Zack Kassian.
10:52 of 2nd period - Shot Misses the Net.
10:54 of 2nd period - Slapshot by Rob Scuderi.
10:54 of 2nd period - Goal by Rob Scuderi - Sabres : 3 - Coyotes : 1.
10:55 of 2nd period - Brad Richards wins face-off versus Ryan O'Reilly in neutral zone.
10:58 of 2nd period - Wrist shot by Zach Parise.
10:58 of 2nd period - Shot Blocked by Kyle Okposo.
11:00 of 2nd period - Slapshot by Kristopher Letang.
11:00 of 2nd period - Shot Blocked by Jared Cowen.
11:02 of 2nd period - Slapshot by Kristopher Letang.
11:02 of 2nd period - Shot Blocked by Jared Cowen.
11:04 of 2nd period - Slapshot by Kristopher Letang.
11:04 of 2nd period - Deflect By Marian Gaborik.
11:04 of 2nd period - Goal by Marian Gaborik - Sabres : 3 - Coyotes : 2.
11:05 of 2nd period - Ryan O'Reilly wins face-off versus Brad Richards in neutral zone.
11:18 of 2nd period - Snap shot by Ilya Kovalchuk.
11:18 of 2nd period - Shot Misses the Net.
11:20 of 2nd period - Snap shot by Ryan O'Reilly.
11:20 of 2nd period - Stopped by Ryan Miller without a rebound.
11:21 of 2nd period - Nazem Kadri wins face-off versus Vincent Lecavalier in Coyotes zone.
11:21 of 2nd period - Nazem Kadri is hit by Matt Martin.
12:33 of 2nd period - Snap shot by Darcy Hordichuk.
12:33 of 2nd period - Stopped by Ryan Miller with a rebound.
12:35 of 2nd period - Slapshot by Michael Kostka.
12:35 of 2nd period - Stopped by Ryan Miller without a rebound.
12:36 of 2nd period - Brad Richards wins face-off versus Brandon Sutter in Coyotes zone.
13:30 of 2nd period - Slapshot by Zach Bogosian.
13:30 of 2nd period - Shot Blocked by Mark Bell.
13:46 of 2nd period - Zack Kassian is hit by Martin Samuelsson and loses puck.
14:05 of 2nd period - Brad Richardson is hit by Eric Brewer and loses puck.
14:46 of 2nd period - Jordan Leopold is hit by Anton Stralman and loses puck.
15:23 of 2nd period - Minor Penalty to Michael Del Zotto for Holding.
15:24 of 2nd period - Vincent Lecavalier wins face-off versus Zach Parise in Coyotes zone.
15:55 of 2nd period - Slapshot by Rob Scuderi.
15:55 of 2nd period - Deflect By Evander Kane.
15:55 of 2nd period - Goal by Evander Kane - Sabres : 4 - Coyotes : 2.
15:55 of 2nd period - Maxime Daigneault enters game.
15:56 of 2nd period - Ryan O'Reilly wins face-off versus Brad Richards in neutral zone.
16:23 of 2nd period - Kristopher Letang is hit by Matt Martin and loses puck.
16:56 of 2nd period - Wrist shot by Brad Richardson.
16:56 of 2nd period - Stopped by Maxime Daigneault without a rebound.
16:57 of 2nd period - Brad Richards wins face-off versus Ryan O'Reilly in Coyotes zone.
17:14 of 2nd period - Icing by Jared Cowen.
17:15 of 2nd period - Ryan O'Reilly wins face-off versus Maxim Talbot in Sabres zone.
17:20 of 2nd period - Wrist shot by Ilya Kovalchuk.
17:20 of 2nd period - Shot Blocked by Maxim Talbot.
17:22 of 2nd period - Snap shot by Michael Kostka.
17:22 of 2nd period - Stopped by Maxime Daigneault with a rebound.
17:28 of 2nd period - Wrist shot by Kyle Okposo.
17:28 of 2nd period - Stopped by Maxime Daigneault with a rebound.
17:56 of 2nd period - Wrist shot by Ilya Kovalchuk.
17:56 of 2nd period - Stopped by Maxime Daigneault with a rebound.
17:58 of 2nd period - Snap shot by Ryan O'Reilly.
17:58 of 2nd period - Stopped by Maxime Daigneault with a rebound.
18:02 of 2nd period - Wrist shot by Ryan O'Reilly.
18:02 of 2nd period - Stopped by Maxime Daigneault without a rebound.
18:03 of 2nd period - Vincent Lecavalier wins face-off versus Brad Richards in Coyotes zone.
18:11 of 2nd period - Off-side.
18:12 of 2nd period - Vincent Lecavalier wins face-off versus Brad Richards in neutral zone.
18:14 of 2nd period - Zach Bogosian is hit by Matt Niskanen and loses puck.
18:24 of 2nd period - Icing by Zach Bogosian.
18:25 of 2nd period - Vincent Lecavalier wins face-off versus Brad Richards in Sabres zone.
18:36 of 2nd period - Snap shot by Vincent Lecavalier.
18:36 of 2nd period - Shot Blocked by Zach Parise.
18:38 of 2nd period - Wrist shot by Vincent Lecavalier.
18:38 of 2nd period - Stopped by Maxime Daigneault with a rebound.
18:40 of 2nd period - Slapshot by Rob Scuderi.
18:40 of 2nd period - Shot Blocked by Brad Richards.
19:06 of 2nd period - Slapshot by Kyle Okposo.
19:06 of 2nd period - Stopped by Maxime Daigneault with a rebound.
19:42 of 2nd period - Snap shot by Martin Samuelsson.
19:42 of 2nd period - Stopped by Robin Lehner with a rebound.
19:44 of 2nd period - Slapshot by Kristopher Letang.
19:44 of 2nd period - Shot Misses the Net.
19:58 of 2nd period - Wrist shot by Brad Richards.
19:58 of 2nd period - Shot Misses the Net.
Goals for this period are 3 for Sabres vs 2 for Coyotes.
Shots for this period are 22 for Sabres vs 10 for Coyotes.
3rd period
0:01 of 3rd period - Brad Richards wins face-off versus Ryan O'Reilly in neutral zone.
0:10 of 3rd period - Wrist shot by Ryan O'Reilly.
0:10 of 3rd period - Shot Misses the Net.
0:12 of 3rd period - Wrist shot by Kyle Okposo.
0:12 of 3rd period - Shot Misses the Net.
0:14 of 3rd period - Slapshot by Rob Scuderi.
0:14 of 3rd period - Stopped by Maxime Daigneault without a rebound.
0:15 of 3rd period - Andrei Loktionov wins face-off versus Nazem Kadri in Coyotes zone.
0:21 of 3rd period - Minor Penalty to Nazem Kadri for Interference.
0:22 of 3rd period - Ilya Kovalchuk wins face-off versus Zach Parise in Coyotes zone.
0:38 of 3rd period - Snap shot by Marian Gaborik.
0:38 of 3rd period - Deflect By Zach Parise.
0:38 of 3rd period - Deflect By Zack Kassian.
0:38 of 3rd period - Stopped by Robin Lehner with a rebound.
0:44 of 3rd period - Anton Stralman is hit by Zack Kassian and loses puck.
1:05 of 3rd period - Slapshot by Zach Bogosian.
1:05 of 3rd period - Shot Blocked by Matt Niskanen.
1:18 of 3rd period - Icing by Andrei Loktionov.
1:19 of 3rd period - Zach Parise wins face-off versus Andrei Loktionov in Sabres zone.
2:21 of 3rd period - Penalty to Nazem Kadri is over, Nazem Kadri is back on ice.
3:05 of 3rd period - Wrist shot by Chris Neil.
3:05 of 3rd period - Shot Misses the Net.
3:49 of 3rd period - Nazem Kadri is hit by Brad Richardson and loses puck.
4:00 of 3rd period - Tyler Ennis is hit by Matt Martin and loses puck.
4:17 of 3rd period - Slapshot by Michael Del Zotto.
4:17 of 3rd period - Stopped by Robin Lehner without a rebound.
4:18 of 3rd period - Ryan O'Reilly wins face-off versus Maxim Talbot in Sabres zone.
5:56 of 3rd period - Snap shot by Ilya Kovalchuk.
5:56 of 3rd period - Shot Misses the Net.
6:01 of 3rd period - Off-side.
6:02 of 3rd period - Zach Parise wins face-off versus Andrei Loktionov in neutral zone.
6:05 of 3rd period - Slapshot by Eric Brewer.
6:05 of 3rd period - Stopped by Robin Lehner without a rebound.
6:06 of 3rd period - Zack Kassian wins face-off versus Brad Richards in Sabres zone.
6:15 of 3rd period - Snap shot by Zach Parise.
6:15 of 3rd period - Shot Misses the Net.
6:17 of 3rd period - Wrist shot by Zach Parise.
6:17 of 3rd period - Stopped by Robin Lehner without a rebound.
6:18 of 3rd period - Brad Richards wins face-off versus Ryan O'Reilly in Sabres zone.
6:21 of 3rd period - Snap shot by Zach Parise.
6:21 of 3rd period - Stopped by Robin Lehner without a rebound.
6:22 of 3rd period - Marian Gaborik wins face-off versus Ryan O'Reilly in Sabres zone.
6:56 of 3rd period - Wrist shot by Zach Parise.
6:56 of 3rd period - Stopped by Robin Lehner without a rebound.
6:57 of 3rd period - Nazem Kadri wins face-off versus Andrei Loktionov in Sabres zone.
6:58 of 3rd period - Slapshot by Tyler Ennis.
6:58 of 3rd period - Deflect By Nazem Kadri.
6:58 of 3rd period - Stopped by Robin Lehner with a rebound.
7:00 of 3rd period - Snap shot by Eric Brewer.
7:00 of 3rd period - Stopped by Robin Lehner without a rebound.
7:01 of 3rd period - Nazem Kadri wins face-off versus Evander Kane in Sabres zone.
7:08 of 3rd period - Snap shot by Nazem Kadri.
7:08 of 3rd period - Shot Misses the Net.
7:10 of 3rd period - Wrist shot by Michael Del Zotto.
7:10 of 3rd period - Shot Misses the Net.
7:14 of 3rd period - Snap shot by Nazem Kadri.
7:14 of 3rd period - Shot Misses the Net.
7:16 of 3rd period - Wrist shot by Michael Del Zotto.
7:16 of 3rd period - Shot Misses the Net.
7:18 of 3rd period - Slapshot by Eric Brewer.
7:18 of 3rd period - Stopped by Robin Lehner with a rebound.
7:24 of 3rd period - Minor Penalty to Jakub Kindl for Boarding.
7:25 of 3rd period - Brandon Sutter wins face-off versus Zach Parise in Sabres zone.
8:01 of 3rd period - Slapshot by Kristopher Letang.
8:01 of 3rd period - Deflect By Chris Stewart.
8:01 of 3rd period - Shot Blocked by Rob Scuderi.
8:01 of 3rd period - Puck is out of play.
8:02 of 3rd period - Vincent Lecavalier wins face-off versus Brad Richards in Sabres zone.
8:09 of 3rd period - Minor Penalty to Marian Gaborik for Slashing.
8:10 of 3rd period - Zach Parise wins face-off versus Ryan O'Reilly in Coyotes zone.
8:10 of 3rd period - Zach Parise is hit by Ilya Kovalchuk.
8:58 of 3rd period - Snap shot by Vincent Lecavalier.
8:58 of 3rd period - Stopped by Maxime Daigneault with a rebound.
9:22 of 3rd period - Jared Cowen is hit by Anton Stralman and loses puck.
9:24 of 3rd period - Penalty to Jakub Kindl is over, Jakub Kindl is back on ice.
9:29 of 3rd period - Brooks Laich is hit by Jared Cowen and loses puck.
9:42 of 3rd period - Mark Bell is hit by Jared Cowen and loses puck.
10:09 of 3rd period - Penalty to Marian Gaborik is over, Marian Gaborik is back on ice.
10:10 of 3rd period - Snap shot by Brandon Sutter.
10:10 of 3rd period - Shot Blocked by Matt Niskanen.
10:24 of 3rd period - Snap shot by Marian Gaborik.
10:24 of 3rd period - Stopped by Robin Lehner with a rebound.
10:26 of 3rd period - Snap shot by Eric Brewer.
10:26 of 3rd period - Stopped by Robin Lehner without a rebound.
10:27 of 3rd period - Ryan O'Reilly wins face-off versus Nazem Kadri in Sabres zone.
10:33 of 3rd period - Icing by Ryan O'Reilly.
10:34 of 3rd period - Nazem Kadri wins face-off versus Ryan O'Reilly in Sabres zone.
10:41 of 3rd period - Wrist shot by Tyler Ennis.
10:41 of 3rd period - Stopped by Robin Lehner without a rebound.
10:42 of 3rd period - Ryan O'Reilly wins face-off versus Brad Richards in Sabres zone.
10:51 of 3rd period - Ilya Kovalchuk is hit by Anton Stralman.
11:07 of 3rd period - Matt Martin is hit by Kristopher Letang and loses puck.
12:01 of 3rd period - Icing by Zach Bogosian.
12:02 of 3rd period - Zach Parise wins face-off versus Ryan O'Reilly in Sabres zone.
12:03 of 3rd period - Slapshot by Marian Gaborik.
12:03 of 3rd period - Deflect By Zach Parise.
12:03 of 3rd period - Shot Blocked by Zach Bogosian.
12:03 of 3rd period - Puck is out of play.
12:04 of 3rd period - Brad Richards wins face-off versus Ryan O'Reilly in Sabres zone.
12:13 of 3rd period - Snap shot by Zach Parise.
12:13 of 3rd period - Shot Blocked by Ilya Kovalchuk.
12:15 of 3rd period - Slapshot by Anton Stralman.
12:15 of 3rd period - Stopped by Robin Lehner without a rebound.
12:16 of 3rd period - Zach Parise wins face-off versus Ryan O'Reilly in Sabres zone.
12:29 of 3rd period - Snap shot by Brad Richards.
12:29 of 3rd period - Shot Misses the Net.
12:31 of 3rd period - Slapshot by Anton Stralman.
12:31 of 3rd period - Stopped by Robin Lehner without a rebound.
12:32 of 3rd period - Vincent Lecavalier wins face-off versus Chris Stewart in Sabres zone.
13:06 of 3rd period - Snap shot by Ilya Kovalchuk.
13:06 of 3rd period - Stopped by Maxime Daigneault without a rebound.
13:07 of 3rd period - Andrei Loktionov wins face-off versus Brad Richards in Coyotes zone.
13:08 of 3rd period - Wrist shot by Evander Kane.
13:08 of 3rd period - Deflect By Zack Kassian.
13:08 of 3rd period - Shot Blocked by Michael Del Zotto.
13:08 of 3rd period - Puck is out of play.
13:09 of 3rd period - Andrei Loktionov wins face-off versus Brad Richards in Coyotes zone.
13:34 of 3rd period - Ryan O'Reilly is hit by Michael Del Zotto and loses puck.
13:41 of 3rd period - Eric Brewer is hit by Ryan O'Reilly and loses puck.
13:50 of 3rd period - Minor Penalty to Michael Del Zotto for Elbowing.
13:51 of 3rd period - Vincent Lecavalier wins face-off versus Zach Parise in Coyotes zone.
14:02 of 3rd period - Slapshot by Zach Bogosian.
14:02 of 3rd period - Deflect By Zack Kassian.
14:02 of 3rd period - Shot Misses the Net.
14:02 of 3rd period - Puck is out of play.
14:03 of 3rd period - Vincent Lecavalier wins face-off versus Marian Gaborik in Coyotes zone.
14:18 of 3rd period - Wrist shot by Ilya Kovalchuk.
14:18 of 3rd period - Stopped by Maxime Daigneault without a rebound.
14:19 of 3rd period - Vincent Lecavalier wins face-off versus Zach Parise in Coyotes zone.
14:22 of 3rd period - Wrist shot by Ilya Kovalchuk.
14:22 of 3rd period - Stopped by Maxime Daigneault with a rebound.
15:50 of 3rd period - Penalty to Michael Del Zotto is over, Michael Del Zotto is back on ice.
16:13 of 3rd period - Andrei Loktionov is hit by Kristopher Letang and loses puck.
16:40 of 3rd period - Eric Brewer is hit by Ryan O'Reilly and loses puck.
16:57 of 3rd period - Brandon Sutter is hit by Marian Gaborik and loses puck.
18:04 of 3rd period - Michael Kostka is hit by Tyler Ennis and loses puck.
18:14 of 3rd period - Icing by Jared Cowen.
18:15 of 3rd period - Ryan O'Reilly wins face-off versus Nazem Kadri in Sabres zone.
19:54 of 3rd period - Ilya Kovalchuk is hit by Chris Neil and loses puck.
Goals for this period are 0 for Sabres vs 0 for Coyotes.
Shots for this period are 5 for Sabres vs 14 for Coyotes.
Back to the Top